 Dungeon Crawl Stone Soup version 0.27.0-1-g7a089689b8 (webtiles) character file.

Game seed: 14409344497984852378

49 mainiacjoe the Caller (level 3, -7/24 HPs)
             Began as a Barachi Summoner on July 31, 2021.
             Hit by a boomerang thrown by a hobgoblin (8 damage)
             ... on level 2 of the Dungeon.
             The game lasted 00:04:10 (1863 turns).

mainiacjoe the Caller (Barachi Summoner)            Turns: 1863, Time: 00:04:11

Health: -7/24      AC:  2    Str:  9    XL:     3   Next: 77%
Magic:  6/6        EV: 12    Int: 16    God:
Gold:   24         SH:  0    Dex: 12    Spells: 3/6 levels left

rFire    . . .     SeeInvis .   e - +4 falchion
rCold    . . .     Faith    .   (no shield)
rNeg     . . .     Spirit   .   a - +0 robe
rPois    .         Reflect  .   (no helmet)
rElec    .         Harm     .   (no cloak)
rCorr    .         Rampage  .   (no gloves)
Will     .....                  (no boots)
Stlth    ++........             (no amulet)
HPRegen  0.08/turn              (no ring)
MPRegen  0.10/turn              (no ring)

@: slow
A: amphibious, slowness 1, strong legs 1, +LOS
a: Hop


You were on level 2 of the Dungeon.
You visited 1 branch of the dungeon, and saw 2 of its levels.

You collected 24 gold pieces.

Inventory:

Hand Weapons
 c - a +0 dagger
 e - a +4 falchion (weapon)
 f - a +1 short sword of venom
Missiles
 b - 58 stones
 g - 26 arrows
 i - 8 boomerangs
Armour
 a - a +0 robe (worn)
Scrolls
 h - a scroll of holy word {unknown}
Potions
 d - a potion of curing {unknown}
 j - a potion of cancellation {unknown}


   Skills:
 - Level 2.1 Dodging
 * Level 3.0 Stealth
 - Level 2.1 Spellcasting
 * Level 5.6 Summonings


You had 3 spell levels left.
You knew the following spells:

 Your Spells              Type           Power      Damage    Failure   Level
a - Summon Small Mammal   Summ           76%        N/A       1%          1
b - Call Imp              Summ           19%        N/A       3%          2

Your spell library contained the following spells:

 Spells                   Type           Power      Damage    Failure   Level
 Call Canine Familiar     Summ           19%        N/A       6%          3
 Summon Guardian Golem    Hex/Summ       10%        N/A       19%         3
 Sublimation of Blood     Necr           0%         N/A       30%         2
 Wereblood                Tmut           1%         N/A       30%         2
 Gell's Gravitas          Tloc           0%         N/A       52%         3
 Lesser Beckoning         Tloc           0%         N/A       52%         3
 Teleport Other           Tloc           1%         N/A       52%         3
 Summon Lightning Spire   Summ/Air       10%        N/A       54%         4
 Summon Hydra             Summ           9%         N/A       100%        7


Dungeon Overview and Level Annotations

Branches:
Dungeon (2/15)

Altars:

Shops:
D:1 =


Innate Abilities, Weirdness & Mutations

You are amphibious.
You cover ground slowly.
You can hop short distances.
You have an extended range of vision and can be seen from far away.


Message History

a +0 club; a goblin corpse
g - 26 arrows As you open the door, it creaks loudly!
Found a leather armour.
Found a stone staircase leading up.
As you open the door, it creaks loudly!
There is an open door here.
There is an open door here.
There is an open gate here.
h - a scroll labelled MOTREM ZAGE You open the gate.
There is an open gate here.
i - 8 boomerangs
There is a stone staircase leading up here.
You open the door.
There is an open door here.
b - 58 stones (gained 22)
You open the door.
There is an open door here.
j - an orange potion You now have 24 gold pieces (gained 11).
A giant cockroach comes into view.
You barely miss the giant cockroach. The giant cockroach barely misses you.
You riposte.
You closely miss the giant cockroach. You closely miss the giant cockroach.
The giant cockroach closely misses you. The giant cockroach barely misses you.
You closely miss the giant cockroach. The giant cockroach misses you.
You riposte.
You hit the giant cockroach.
You kill the giant cockroach!
No target in view!
No target in view!
A hobgoblin comes into view. It is wielding a +0 morningstar.
The hobgoblin shouts!
The hobgoblin hits you with a +0 morningstar.
You closely miss the hobgoblin.
The hobgoblin hits you with a +0 morningstar! x2
* * * LOW HITPOINT WARNING * * *
You are too injured to fight recklessly!
You are too injured to fight recklessly!
The hobgoblin throws a boomerang.
The boomerang hits you!
You die...

##.###.# #..###..##
.......# #+#
#..###..## ##.#####
#.# #..#....## #.# #.#
#.......## #.# ##.##
##.#.##### #.# ##...##
#........ #.. #.....
###.##### ###
#.#####...## #.#
#........@.#########.#
#######.#...........#
#g############# #.#
#.# #.. #.# #.# #.#


You could see a hobgoblin.

Vanquished Creatures
  A centaur skeleton (D:2)
  A dart slug (D:1)
  An endoplasm (D:1)
  A giant cockroach (D:2)
  4 goblins
  2 hobgoblins
  A kobold (D:2)
  4 bats
  2 frilled lizards
  2 rats (D:1)
19 creatures vanquished.

Vanquished Creatures (collateral kills)
  A hobgoblin (D:1)
  2 kobolds (D:1)
3 creatures vanquished.

Grand Total: 22 creatures vanquished

Notes
Turn   | Place    | Note
-------+----------+-------------------------------------------
     0 | D:1      | mainiacjoe the Barachi Summoner began the quest for the
                  | Orb.
     0 | D:1      | Reached XP level 1. HP: 13/13 MP: 3/3
   189 | D:1      | Reached skill level 5 in Summonings
   587 | D:1      | Found Ymyreij's Jewellery Shoppe.
   607 | D:1      | Reached XP level 2. HP: 19/19 MP: 5/5
   610 | D:1      | Learned a level 2 spell: Call Imp
  1284 | D:2      | Found a faded altar of an unknown god.
  1374 | D:2      | Reached XP level 3. HP: 19/24 MP: 6/6
  1861 | D:2      | HP: 1/24 [hobgoblin (10)]
  1863 | D:2      | Hit by a boomerang thrown by a hobgoblin

Illustrated notes

Levels and vault maps discovered:
D:1:      dpeg_arrival_concentric_ovals, layout_basic, serial_shops,
          nicolae_shop_statue_plus
D:2:      layout_loops_corners, hellmonk_ecumenical_altar_run_dry,
          kennysheep_donut, minmay_diced_spiral

Skill      XL: |  1  2  3 |
---------------+----------+-----
Stealth        | 2 3 |  3.0
Summonings     | 5 |  5.6
Dodging        | |  2.1
Spellcasting   | |  2.1

Action                   || total
-------------------------++-------
Melee: Dagger            ||     7
       Falchion          ||    34
 Cast: Summon Small Mamm ||     9
 Stab: Sleeping          ||     5
Armor: Robe              ||     8
Dodge: Dodged            ||    41
       Rpst.: Falchion   ||    17
